Map: Odyssey LE

Players

Zephyn - Winner!

  • Race: Terran Terran
  • League: Diamond
  • Spawn Location: 5:00

Arcane

  • Race: Terran Terran
  • League: Diamond
  • Spawn Location: 11:00

VOD

Have the link to the VOD?

Description

Terran vs Terran; Mech vs Bio; Tactical Nukes were involved.

Time

  • Played on: Dec. 18, 2017, 9:27 p.m.
  • Length: 33:21
Show
View Real Time Build Order
Export as new Build Order

Zephyn Terran - Winner!

Build Orders: 1/1/1, MMM Bio 

Get SALT Encoding   

  12  0:01  SCV  
  13  0:13  SCV  
  14  0:19  Supply Depot  
  14  0:25  SCV  
  15  0:31  Refinery  
  15  0:40  SCV  
  16  0:46  Barracks  
  16  0:53  SCV  
  17  1:05  SCV  
  19  1:19  Refinery  
  19  1:27  Supply Depot  
  19  1:32  Orbital Command  
  18  1:33  Marine  
  19  1:40  Factory  
  19  1:51  Marine  
  20  1:58  SCV  
  21  2:10  SCV  
  21  2:12  Barracks Tech Lab  
  21  2:26  Starport  
  23  2:36  SCV  
  22  2:40  Siege Tank  
  25  2:54  Marine  
  26  2:58  Command Center  
  26  3:01  SCV  
  27  3:11  Supply Depot  
  27  3:15  Marine  
  28  3:22  Siege Tank  
  28  3:25  Starport Reactor  
  31  3:33  SCV  
  32  3:36  Marine  
  33  3:44  Supply Depot  
  33  3:45  SCV  
  34  3:50  Engineering Bay  
  34  4:07  Factory Tech Lab  
  34  4:08  Raven  
  34  4:09  Marine  
  37  4:10  SCV  
  37  4:13  Orbital Command  
  38  4:20  Missile Turret  
  38  4:29  Marine  
  39  4:32  SCV  
  39  4:36  Orbital Command  
  40  4:47  Marine, Missile Turret  
  40  4:48  Siege Tank  
  44  4:56  Barracks  
  44  5:00  Barracks  
  44  5:08  Medivac  
  44  5:12  Viking  
  48  5:17  SCV  
  48  5:18  SCV  
  50  5:28  Marine  
  50  5:30  SCV, Stimpack  
  50  5:31  SCV  
  52  5:42  SCV  
  52  5:43  SCV  
  53  6:00  SCV  
  53  6:01  SCV  
  55  6:08  Marine x2  
  55  6:09  Marine  
  55  6:10  Siege Tank  
  61  6:13  SCV, Refinery  
  62  6:32  Supply Depot  
  62  6:33  Supply Depot  
  62  6:35  Supply Depot  
  62  6:50  Barracks Reactor x2  
  62  6:53  SCV x2, Marine, Medivac x2  
  69  6:58  Barracks  
  69  6:59  Barracks  
  69  7:01  Missile Turret  
  69  7:02  Terran Infantry Weapons Level 1  
  69  7:04  Engineering Bay  
  69  7:18  SCV  
  69  7:19  SCV, Ghost Academy, Marine  
  72  7:30  SCV  
  73  7:47  Marine  
  73  7:48  Marine x3, Marauder  
  73  7:49  Barracks Tech Lab x2  
  73  7:50  Siege Tank, Medivac  
  84  8:05  SCV x2  
  86  8:07  Supply Depot  
  86  8:08  Supply Depot  
  85  8:29  Marine x4  
  85  8:30  Ghost x3  
  85  8:31  Medivac  
  95  8:59  Ghost x2, Marine x3  
  95  9:02  Marine  
  94  9:14  Marine  
  93  9:20  Refinery  
  93  9:26  Command Center  
  90  9:36  SCV x2  
  90  9:37  Ghost x2, Marine x2  
  90  9:38  Marine, Marauder  
  101  9:39  Marine  
  102  9:45  Barracks  
  102  9:47  Barracks  
  102  9:58  Supply Depot  
  102  9:59  Supply Depot  
  104  10:00  SCV x2  
  104  10:03  Moebius Reactor  
  104  10:04  Combat Shields  
  104  10:06  Missile Turret  
  106  10:10  Terran Infantry Armor Level 1  
  106  10:12  SCV  
  106  10:13  Marine  
  106  10:14  Marine  
  108  10:20  Armory  
  89  10:34  Ghost, Marine x2  
  89  10:35  Marine, Marauder x2  
  78  10:39  Marine  
  69  10:48  Barracks Tech Lab x2  
  67  10:51  Orbital Command  
  67  10:57  Marine x2, Marauder  
  67  10:58  Marauder  
  73  11:11  Marine x3, Marauder  
  76  11:12  Marauder  
  80  11:19  Marauder  
  80  11:20  Marine x2  
  80  11:21  Marauder  
  86  11:28  Marine  
  86  11:29  Marine  
  86  11:30  Marauder  
  92  11:33  Marauder  
  87  11:49  Orbital Command  
  87  11:53  Ghost x2, Marine x2  
  87  11:54  Marine x2, Marauder x3  
  81  11:59  Medivac  
  84  12:11  Marine  
  84  12:12  Terran Infantry Weapons Level 2  
  84  12:15  Terran Infantry Armor Level 2  
  85  12:25  Marine x2  
  85  12:26  Marine x3  
  90  12:40  Medivac x2  
  90  12:44  Starport  
  94  12:47  Nuke  
  94  12:53  Ghost Academy x2  
  94  13:00  Marine  
  94  13:01  Marine x4  
  94  13:03  Marauder x3  
  79  13:30  Ghost, Marine  
  79  13:31  Ghost, Marine x3, Marauder x2  
  79  13:32  Marauder  
  87  13:48  Marine, Medivac x2  
  87  13:49  Starport Reactor  
  92  13:57  Marine x3  
  92  13:58  Marauder x3  
  92  14:02  Command Center  
  101  14:05  SCV x3  
  104  14:17  Nuke  
  104  14:18  Nuke  
  102  14:24  Refinery x2  
  102  14:26  Marine x3  
  102  14:27  Marine, Marauder x4  
  112  14:51  Ghost x2, Marine x2  
  112  14:52  Marine x2, Marauder x3  
  126  15:06  Nuke  
  126  15:09  Marine  
  126  15:13  Marauder  
  129  15:14  Orbital Command  
  129  15:16  Sensor Tower  
  129  15:17  Command Center  
  129  15:36  Refinery  
  129  15:40  Nuke  
  129  15:51  Ghost x2, Marine x3  
  129  15:52  Marine x2, Marauder x2  
  142  15:58  SCV  
  142  15:59  SCV x3  
  119  16:20  Ghost x2, Marine x3, Marauder  
  119  16:21  Marine, Marauder x2  
  119  16:24  Medivac  
  133  16:45  Terran Infantry Weapons Level 3  
  133  16:47  Marine x5  
  133  16:48  Marine x2, Refinery  
  133  16:49  Marine x2, Refinery  
  133  16:51  SCV  
  133  16:52  SCV x3  
  146  16:56  Sensor Tower  
  146  17:07  SCV x4  
  147  17:13  Supply Depot  
  147  17:14  Supply Depot  
  146  17:19  SCV  
  146  17:20  Nuke  
  147  17:24  Nuke x2  
  147  17:35  Sensor Tower  
  147  17:46  Terran Infantry Armor Level 3  
  147  17:48  Ghost, Marine x3  
  147  17:49  Marine, Marauder  
  155  17:51  Orbital Command  
  155  18:10  Command Center  
  153  18:25  Nuke  
  153  18:31  Sensor Tower  
  152  18:46  Ghost  
  152  18:47  Ghost, Marine x4, Marauder x2  
  152  18:48  Marauder  
  77  19:04  Marine  
  77  19:05  Marine  
  77  19:07  Medivac x4  
  77  19:08  Ghost x2  
  77  19:09  Marauder  
  93  19:15  Ghost  
  95  19:18  Marine x2  
  95  19:19  Marauder  
  95  19:22  Marine  
  95  19:24  Nuke  
  100  19:30  Ghost  
  102  19:36  Ghost  
  102  19:37  Marauder  
  100  19:38  Marine x2  
  100  19:39  Marine, Refinery  
  100  19:40  Nuke x2  
  100  19:44  Orbital Command  
  103  19:49  SCV x2  
  103  19:50  SCV x3  
  108  20:01  Ghost x2, SCV, Marine x4, Marauder, Refinery  
  108  20:02  SCV x3, Marauder  
  108  20:04  Refinery  
  108  20:06  SCV  
  125  20:09  Marine  
  125  20:12  Medivac  
  125  20:13  SCV, Medivac x2  
  125  20:14  SCV x2  
  135  20:18  Marine  
  136  20:23  Marauder  
  128  20:42  Ghost, Marine  
  128  20:43  Ghost x2, Marine x3, Marauder  
  128  20:44  Marauder  
  142  21:10  Ghost  
  142  21:11  Ghost x2, Marine x3  
  143  21:12  Marauder  
  143  21:16  Nuke x2  
  149  21:33  Medivac x3  
  149  21:34  Ghost, Marine x2  
  149  21:35  Marine x2, Marauder  
  165  21:40  Marauder  
  155  21:56  Marauder  
  155  21:57  Marauder x2  
  163  22:01  Marauder  
  163  22:03  Marauder  
  165  22:10  SCV x2  
  165  22:11  SCV x4  
  171  22:18  Marauder x2  
  171  22:22  SCV  
  176  22:23  SCV x2  
  178  22:34  Marauder x2  
  178  22:35  Marauder  
  184  22:43  Barracks  
  184  22:44  Barracks  
  184  22:45  Barracks  
  184  22:46  Barracks  
  184  22:48  Nuke  
  184  22:54  Orbital Command  
  184  23:03  Nuke x2  
  184  23:06  Marine  
  184  23:07  Marine x3, Marauder x3  
  184  23:08  Marine, Marauder  
  197  23:22  SCV x3  
  200  23:27  Ghost Academy x3  
  194  23:38  Nuke  
  143  23:45  Marine x2  
  143  23:46  Marine x3, Marauder x4  
  131  23:59  Barracks Tech Lab  
  131  24:00  Barracks Tech Lab x3  
  131  24:01  Nuke x2  
  131  24:02  Nuke  
  131  24:03  Marine x2  
  131  24:04  Marauder  
  131  24:07  Marauder  
  137  24:13  Nuke  
  137  24:14  Marine  
  137  24:15  Ghost, Marine, Marauder x2  
  144  24:21  Marine x2, Orbital Command  
  144  24:23  Nuke  
  142  24:26  Marauder  
  142  24:28  Ghost  
  142  24:29  Refinery  
  143  24:31  Refinery  
  143  24:37  Nuke  
  143  24:38  Ghost  
  143  24:39  Ghost x2, Marine x4, Marauder x2  
  143  24:40  Marauder  
  143  24:44  Marauder  
  161  24:46  Ghost  
  160  24:56  Marine  
  160  24:57  Marine x4  
  151  25:00  Ghost  
  151  25:01  Marauder x2  
  151  25:05  Ghost  
  154  25:07  Ghost  
  154  25:08  Marauder  
  154  25:12  Medivac x4  
  158  25:15  Nuke  
  158  25:17  Marine x3, Marauder  
  158  25:18  Marine, Marauder x2  
  168  25:22  Marauder x2  
  172  25:29  Marine  
  172  25:35  Orbital Command  
  173  25:38  Refinery x2  
  173  25:40  Ghost x3, Marine x3, Marauder  
  173  25:41  Marine, Marauder x2  
  175  25:42  Ghost  
  175  25:44  Marauder  
  175  25:46  Marine  
  164  25:58  Marine x2  
  164  25:59  Marine x2  
  164  26:01  Ghost  
  164  26:02  Ghost, Marauder  
  170  26:05  Marauder x2  
  170  26:08  Ghost  
  170  26:09  Ghost, Marauder  
  163  26:18  Marine x2  
  152  26:24  Marauder  
  139  26:25  Ghost  
  139  26:27  Marauder  
  139  26:30  Ghost, Marine  
  139  26:31  Marauder  
  140  26:34  Marine x2  
  140  26:35  Marine, Marauder  
  140  26:36  Marine  
  140  26:37  Ghost  
  140  26:38  Marauder  
  150  26:45  Marine  
  151  26:48  Ghost, Marauder  
  151  26:52  Marine x2  
  157  26:55  Nuke x2, Marauder  
  157  27:01  Marine x3, Orbital Command  
  159  27:02  Marine, Marauder x2  
  159  27:03  Marauder  
  159  27:06  Marine  
  170  27:14  SCV x5  
  175  27:27  Medivac x4  
  175  27:28  Ghost x2, Marine x2  
  175  27:29  Marine, Marauder x3  
  186  27:47  SCV x3  
  186  27:48  SCV x3  
  192  27:53  Marine  
  192  27:54  Marine x7  
  200  28:04  Nuke x2  
  200  28:23  Nuke  
  200  28:24  Nuke x2  
  199  28:28  Orbital Command, Medivac  
  199  28:33  Marine  
  174  29:14  Ghost  
  174  29:15  Ghost x3, Marine x4, Marauder  
  174  29:16  Marine, Marauder x3  
  145  29:33  Ghost  
  143  29:37  Ghost x2, Marine x2  
  143  29:38  Marine x2, Marauder x2  
  143  29:39  Medivac x3  
  143  29:40  Medivac  
  143  29:43  Ghost x2  
  143  29:44  Marauder  
  143  30:06  Ghost x2, Marine  
  143  30:07  Marine x4, Marauder x2  
  143  30:08  Marauder x2  
  143  30:12  Marine, Marauder  
  143  30:20  Nuke  
  143  30:21  Nuke  
  143  30:22  Nuke  
  143  30:24  Marine x2  
  143  30:26  Marauder  
  143  30:28  Marauder  
  143  30:31  Orbital Command  
  143  30:35  Nuke x3  
  143  30:38  Orbital Command  
  143  31:08  Ghost Academy  
  143  31:09  Ghost Academy x2  
  143  31:16  Nuke x2  
  143  31:21  Nuke  
  143  31:39  Marine  
  143  31:40  Marine x2, Marauder  
  143  31:46  Refinery x2  
  143  31:56  Command Center  
Show
View Real Time Build Order
Export as new Build Order

Arcane Terran 

Build Orders: Reaper Expand, Mech 

Get SALT Encoding   

  12  0:01  SCV  
  13  0:13  SCV  
  14  0:18  Supply Depot  
  14  0:25  SCV  
  15  0:34  Refinery  
  15  0:39  SCV  
  16  0:44  Barracks  
  16  0:52  SCV  
  17  1:04  SCV  
  18  1:16  SCV  
  19  1:30  Orbital Command  
  19  1:31  Reaper  
  20  1:53  Command Center  
  20  1:58  SCV  
  20  2:00  Refinery  
  20  2:07  Factory  
  20  2:10  SCV  
  20  2:13  Barracks Reactor  
  21  2:20  Supply Depot  
  21  2:24  SCV  
  22  2:36  SCV  
  23  2:52  SCV  
  24  3:02  Cyclone x2  
  24  3:05  SCV  
  31  3:08  Orbital Command, Engineering Bay  
  31  3:17  SCV  
  32  3:24  Starport  
  32  3:28  Barracks Tech Lab  
  32  3:33  SCV  
  33  3:34  SCV  
  35  3:48  SCV x2  
  35  3:51  Hellion x2  
  40  3:59  Supply Depot  
  40  4:06  SCV x2  
  42  4:10  Cloaking Field, Banshee  
  45  4:20  SCV  
  45  4:21  SCV  
  45  4:22  Hellion x2  
  51  4:31  Barracks Tech Lab, Factory  
  51  4:34  SCV  
  52  4:39  Supply Depot  
  52  4:45  SCV  
  53  4:49  SCV  
  54  4:53  Supply Depot  
  54  5:00  SCV  
  54  5:01  Banshee, Refinery  
  54  5:06  Hellion  
  54  5:07  Hellion  
  62  5:14  SCV x2  
  67  5:28  Siege Tank  
  67  5:31  Command Center  
  67  5:35  Armory  
  67  5:43  SCV x2  
  69  5:55  Refinery  
  69  5:56  Factory  
  69  5:58  Hellion x2  
  69  6:02  Supply Depot  
  69  6:03  Supply Depot  
  70  6:08  Infernal Pre-Igniter  
  70  6:22  Barracks Tech Lab  
  70  6:23  SCV x2, Siege Tank  
  75  6:26  Factory  
  75  6:31  Terran Vehicle And Ship Armor Level 1  
  75  6:34  Supply Depot  
  75  6:35  SCV x2  
  75  6:39  Hellion  
  79  6:46  Hellion  
  81  6:53  Starport Reactor  
  81  6:54  Factory  
  81  6:56  Orbital Command  
  81  7:03  SCV x2  
  81  7:05  Siege Tank  
  86  7:13  Factory Tech Lab  
  86  7:17  Missile Turret  
  86  7:20  Missile Turret  
  86  7:21  SCV  
  87  7:24  Missile Turret  
  87  7:25  Missile Turret  
  87  7:29  Missile Turret  
  87  7:39  Viking x2  
  87  7:43  Siege Tank  
  94  7:49  Hellion x2  
  91  7:59  Siege Tank  
  91  8:02  Thor  
  96  8:27  Hellbat x3  
  96  8:28  Hellbat  
  102  8:35  Supply Depot x2  
  102  8:37  Supply Depot  
  102  8:39  Hellbat  
  101  8:47  Supply Depot  
  100  8:56  Viking  
  100  8:57  Viking  
  91  9:11  Siege Tank x2  
  91  9:12  Hellion x2  
  95  9:24  SCV  
  96  9:26  Viking  
  96  9:27  Viking  
  96  9:28  Terran Vehicle Weapons Level 1  
  100  9:37  SCV  
  100  9:38  SCV x2  
  103  9:49  Armory  
  103  9:50  SCV  
  104  10:00  Siege Tank  
  107  10:09  Missile Turret  
  107  10:14  Missile Turret  
  76  10:35  Siege Tank x2  
  76  10:36  Siege Tank x2  
  78  10:47  Orbital Command  
  78  10:56  Hellion  
  78  10:57  Hellion  
  82  10:59  Liberator x2  
  82  11:00  Terran Vehicle And Ship Armor Level 2  
  82  11:07  Siege Tank  
  82  11:08  Hellion x2  
  89  11:12  Siege Tank  
  98  11:29  SCV  
  98  11:30  SCV x2  
  101  11:37  Siege Tank, Refinery  
  104  11:41  SCV  
  104  11:42  SCV  
  96  11:51  Refinery  
  75  11:56  Siege Tank x2  
  75  11:59  Hellion x2  
  75  12:00  SCV  
  74  12:11  Terran Vehicle Weapons Level 2  
  74  12:13  SCV x2  
  76  12:16  SCV  
  76  12:19  Siege Tank  
  80  12:25  SCV  
  80  12:26  SCV  
  80  12:27  Siege Tank  
  80  12:29  SCV, Hellion  
  90  12:30  Hellion  
  90  12:39  Siege Tank  
  93  12:44  SCV  
  93  12:45  SCV x2  
  93  12:50  Missile Turret  
  96  12:51  Missile Turret  
  96  12:52  Siege Tank  
  96  12:57  SCV x2  
  101  13:00  SCV  
  101  13:05  Command Center  
  102  13:06  Hellion  
  102  13:10  Viking  
  106  13:17  Terran Ship Weapons Level 1  
  101  13:26  Siege Tank x2  
  89  13:33  Viking  
  91  13:34  Siege Tank x2  
  91  13:39  Viking  
  99  13:46  Hellion x2  
  103  13:59  Refinery  
  103  14:01  Refinery  
  103  14:06  Supply Depot  
  103  14:07  Siege Tank x3  
  103  14:08  Siege Tank  
  115  14:26  Hellion x2  
  115  14:30  Liberator x2  
  119  14:39  Siege Tank x2  
  122  14:46  SCV  
  129  15:01  Planetary Fortress  
  129  15:02  Missile Turret  
  129  15:05  SCV x2  
  131  15:10  Siege Tank x2  
  131  15:11  Hellion x2, Siege Tank  
  131  15:12  Hellion  
  146  15:21  Supply Depot  
  146  15:22  Supply Depot  
  146  15:26  Liberator x2  
  146  15:28  Starport  
  146  15:35  Starport  
  146  15:43  Siege Tank  
  146  15:46  Supply Depot  
  149  16:09  Siege Tank x2  
  149  16:10  Hellion x2, Siege Tank  
  159  16:23  Command Center  
  159  16:31  Command Center  
  159  16:33  Supply Depot  
  159  16:37  Supply Depot  
  159  16:38  Liberator  
  159  16:39  Supply Depot  
  159  16:45  Starport Reactor  
  159  16:46  Starport Reactor  
  159  16:51  Supply Depot  
  159  16:54  Supply Depot, Siege Tank  
  159  17:01  Siege Tank  
  168  17:08  Missile Turret  
  166  17:16  Missile Turret  
  160  17:45  Command Center  
  160  17:48  Siege Tank x2  
  160  17:49  Hellion  
  168  18:03  Orbital Command  
  162  18:14  Hellion  
  162  18:15  Hellion x3  
  170  18:21  Viking  
  172  18:32  Hellion x2  
  176  18:36  Hellion x2  
  138  18:53  Siege Tank  
  138  18:54  Siege Tank x3  
  122  19:11  Orbital Command  
  122  19:16  Refinery  
  126  19:24  Hellion x2  
  126  19:26  Siege Tank x4  
  138  19:52  Missile Turret  
  138  19:55  Viking x2  
  138  19:58  Siege Tank x4  
  154  20:04  Missile Turret  
  154  20:16  Planetary Fortress, Missile Turret  
  154  20:20  Refinery  
  154  20:23  Missile Turret  
  148  20:30  Siege Tank x4  
  126  20:46  Hellion x2  
  130  21:02  Hellion, Siege Tank x3  
  141  21:07  Hellion  
  141  21:09  Command Center  
  141  21:11  Command Center  
  143  21:30  Hellion  
  143  21:31  Hellion x2  
  146  21:34  Hellion x2  
  146  21:35  Hellion  
  150  21:52  Hellion x2  
  150  21:53  Hellion  
  153  21:56  Hellion x3  
  159  22:06  Orbital Command  
  159  22:15  Hellion x2, Siege Tank  
  166  22:17  Hellion x2  
  170  22:25  Sensor Tower  
  170  22:36  Orbital Command  
  170  22:41  Siege Tank x3  
  170  22:42  Refinery  
  179  22:47  Siege Tank  
  182  22:52  Hellion x2  
  182  22:56  Factory  
  182  22:58  Factory  
  178  23:13  Hellion x3  
  178  23:14  Hellion x2  
  178  23:19  Hellion  
  189  23:22  Refinery  
  177  23:35  Hellion x3  
  135  23:46  Hellion x2, Siege Tank  
  136  23:55  Factory Tech Lab  
  136  23:56  Hellion x3  
  136  23:58  Factory Tech Lab  
  142  24:08  Hellion x2  
  146  24:13  Hellion  
  146  24:16  Liberator x3  
  148  24:17  Siege Tank x2  
  148  24:18  Hellion  
  156  24:35  Hellion x5  
  175  24:39  Hellion  
  177  24:49  Hellion  
  177  24:50  Hellion  
  178  24:56  Siege Tank x3  
  169  25:06  Siege Tank  
  163  25:07  Hellion x2  
  163  25:11  Siege Tank  
  166  25:16  Planetary Fortress  
  166  25:21  Hellion  
  174  25:28  Hellion x3  
  174  25:34  Refinery  
  134  25:45  Siege Tank x2  
  132  25:50  Hellion x6  
  132  26:11  Hellion x2, Siege Tank x2  
  125  26:21  Hellion, Siege Tank x2  
  125  26:22  Hellion  
  125  26:32  Hellion  
  125  26:43  Siege Tank x2  
  125  26:44  Hellion x3  
  133  26:48  Refinery  
  133  26:50  Missile Turret  
  133  26:53  Hellion  
  134  27:04  Siege Tank  
  134  27:05  Hellion x2  
  141  27:08  Thor  
  147  27:30  Hellion x2, Siege Tank x2  
  157  27:43  Siege Tank x2  
  157  27:44  Hellion  
  141  27:51  Hellion  
  143  28:16  Hellion x5  
  143  28:18  Thor  
  144  29:06  Hellion  
  144  29:07  Hellion  
  144  29:09  Hellion x3, Siege Tank  
  121  29:10  Hellion  
Tags
 
Composition
MMM BioMech
Matchup
TvT
Race
Terran
Spawn Locations
Cross Positions
Add a new tag
Caveats
  • Supply blocks, unpowered buildings, or Contaminate may cause inaccurate times.
  • Supply counts are checked every 10 seconds.